AoeStats
← 吹尽凡尘心

Black Forest

506151820Analyzed
4v4 RM · 21d ago on Sep 12, 2026· 71m 6s· 8 players
Game mode
Random Map
Map size
Large (8 player)
Population
200
Speed
Normal
Resources
Standard
Victory
Conquest
Starting age
Dark Age
Ending age
Imperial Age
RankedLock teamsTeams togetherTeam positionsShared explorationLock speedFull tech treeHidden civsTurbo modeCheats
Victory
Defeat
🇩🇪 Cumans · Germany
1501
+15
🇩🇪 Berbers · Germany
1490
+15
🇨🇳 Persians · China
1483
+16
🇩🇪 Britons · Germany
1469
+16
🇻🇳 Mongols · Vietnam
1521
-17
🇨🇳 Spanish · China
1487
-16
🇨🇳 Jurchens · China
1462
-15
1435
-14
Juanchoche
11:36 Feudal Age
13:44 Wheelbarrow
13:11 Double-Bit Axe
13:07 Horse Collar
13:33 Loom
13:55 Gold Mining
16:23 Castle Age
17:22 Bow Saw
19:10 Stone Mining
24:05 Wheelbarrow
23:35 Fletching
25:33 Bodkin Arrow
27:28 Heavy Plow
31:54 Imperial Age
29:50 Ballistics
29:32 Padded Archer Armor
30:45 Gold Shaft Mining
30:47 Stone Shaft Mining
30:29 Leather Archer Armor
31:02 Kasbah
30:55 Treadmill Crane
31:06 Heated Shot
31:51 Hand Cart
31:24 Town Watch
32:07 Bloodlines
32:01 Husbandry
32:08 Elite Camel Archer
33:51 Chemistry
32:52 Bracer
33:07 Thumb Ring
34:18 Ring Archer Armor
34:14 Conscription
34:19 Masonry
34:16 Siege Engineers
34:25 Caravan
35:07 Maghrebi Camels
36:15 Crop Rotation
35:45 Murder Holes
40:56 Town Patrol
42:03 Forging
41:59 Scale Barding Armor
41:17 Heavy Camel Rider
43:39 Iron Casting
44:24 Chain Barding Armor
46:11 Light Cavalry
47:29 Plate Barding Armor
47:55 Blast Furnace
55:44 Scale Mail Armor
58:15 Hussar
59:40 Hussar
64:19 Hoardings
70:36 Guard Tower
70:48 Devotion
71:38 Chain Mail Armor
DaKrankVieh
5:29 Loom
10:17 Feudal Age
11:02 Double-Bit Axe
13:23 Wheelbarrow
12:31 Horse Collar
20:42 Castle Age
19:09 Scale Barding Armor
20:27 Forging
21:15 Bloodlines
23:53 Capped Ram
27:34 Gold Mining
31:32 Chain Barding Armor
31:48 Iron Casting
32:47 Hand Cart
33:46 Bow Saw
33:43 Heavy Plow
40:14 Imperial Age
38:12 Stone Mining
41:34 Plate Barding Armor
41:11 Elite Steppe Lancer
43:41 Blast Furnace
45:04 Two-Man Saw
44:29 Steppe Husbandry
45:49 Fletching
46:15 Caravan
46:00 Light Cavalry
48:34 Ballistics
48:00 Hussar
51:40 Chemistry
52:30 Bodkin Arrow
53:03 Conscription
53:27 Padded Archer Armor
54:12 Masonry
53:29 Elite Kipchak
53:49 Elite Skirmisher
55:10 Thumb Ring
56:44 Parthian Tactics
59:05 Crop Rotation
59:24 Siege Ram
MeHawK
0:59 Loom
11:21 Feudal Age
16:06 Castle Age
14:28 Double-Bit Axe
14:46 Horse Collar
17:37 Bow Saw
25:20 Wheelbarrow
33:11 Imperial Age
30:33 Gold Mining
30:34 Stone Mining
31:26 Scale Barding Armor
32:11 Bloodlines
32:47 Chain Barding Armor
33:20 Hand Cart
33:53 Conscription
33:03 Cavalier
34:51 Plate Barding Armor
35:45 Gold Shaft Mining
35:04 Elite Skirmisher
37:22 Forging
37:04 Fletching
37:55 Padded Archer Armor
45:26 Savar
46:07 Husbandry
51:10 Iron Casting
52:20 Caravan
55:58 Blast Furnace
55:06 Light Cavalry
55:51 Capped Ram
58:03 Siege Ram
58:53 Bodkin Arrow
59:57 Thumb Ring
60:39 Citadels
60:35 Kamandaran
60:08 Elite Genitour
61:49 Parthian Tactics
62:08 Ballistics
63:07 Chemistry
62:31 Crossbowman
65:21 Leather Archer Armor
66:52 Onager
70:13 Elite War Elephant
naschnator
1:23 Loom
11:23 Feudal Age
14:56 Castle Age
12:44 Double-Bit Axe
16:22 Bow Saw
15:54 Horse Collar
16:48 Heavy Plow
25:01 Wheelbarrow
30:05 Imperial Age
28:31 Hand Cart
28:09 Fletching
28:50 Bodkin Arrow
29:25 Ballistics
29:18 Masonry
29:02 Gold Mining
29:52 Padded Archer Armor
30:03 Stone Mining
30:49 Bracer
31:13 Conscription
31:50 Leather Archer Armor
31:42 Siege Engineers
32:10 Scale Mail Armor
33:22 Ring Archer Armor
33:30 Chain Mail Armor
32:37 Pikeman
33:17 Squires
33:58 Yeomen
36:07 Chemistry
35:45 Hoardings
35:24 Elite Longbowman
37:35 Plate Mail Armor
37:16 Forging
37:41 Architecture
37:13 Caravan
43:04 Treadmill Crane
44:01 Coinage
45:52 Warwolf
47:10 Two-Man Saw
45:55 Capped Ram
53:57 Murder Holes
54:39 Iron Casting
53:26 Halberdier
56:46 Blast Furnace
67:23 Onager
68:09 Man-at-Arms
68:35 Gambesons
70:14 Town Watch
吹尽凡尘心
12:14 Feudal Age
13:24 Double-Bit Axe
16:00 Castle Age
14:00 Horse Collar
17:32 Bow Saw
22:09 Loom
26:19 Bloodlines
26:09 Husbandry
26:40 Padded Archer Armor
30:49 Wheelbarrow
30:13 Gold Mining
35:39 Imperial Age
33:33 Leather Archer Armor
33:19 Fletching
33:59 Elite Skirmisher
34:53 Bodkin Arrow
36:25 Ballistics
35:50 Elite Conquistador
36:54 Conscription
37:14 Ring Archer Armor
36:45 Bracer
37:53 Chemistry
38:14 Two-Man Saw
46:08 Scale Mail Armor
46:18 Forging
48:06 Fortified Wall
48:07 Masonry
47:56 Cavalier
48:44 Scale Barding Armor
49:14 Iron Casting
51:09 Chain Barding Armor
51:49 Blast Furnace
50:19 Paladin
53:33 Guilds
53:24 Caravan
54:54 Plate Barding Armor
54:35 Chain Mail Armor
57:13 Plate Mail Armor
58:28 Capped Ram
59:21 Siege Ram
62:35 Light Cavalry
63:53 Pikeman
64:34 Squires
64:19 Arson
TEUTONEN(儒门学习版)
0:57 Loom
11:49 Feudal Age
16:21 Castle Age
14:29 Double-Bit Axe
16:05 Horse Collar
17:05 Wheelbarrow
17:45 Bow Saw
23:52 Heavy Plow
27:50 Hand Cart
27:47 Gold Mining
32:14 Imperial Age
29:50 Stone Mining
30:01 Pikeman
30:42 Squires
30:50 Scale Barding Armor
30:56 Forging
30:51 Scale Mail Armor
32:23 Ironclad
32:43 Iron Casting
31:57 Town Watch
34:02 Chemistry
32:40 Halberdier
34:40 Masonry
34:57 Fletching
35:23 Chain Mail Armor
36:08 Blast Furnace
36:51 Crenellations
36:29 Bodkin Arrow
38:22 Siege Engineers
39:27 Plate Mail Armor
46:19 Crop Rotation
46:51 Two-Man Saw
47:11 Conscription
51:52 Hoardings
55:28 Arson
62:19 Caravan
64:08 Fortified Wall
65:13 Guilds
Minh Anh
3:58 Loom
10:27 Feudal Age
14:12 Castle Age
12:02 Double-Bit Axe
12:14 Horse Collar
15:23 Bow Saw
19:18 Wheelbarrow
21:27 Heavy Plow
22:26 Gold Mining
25:40 Fletching
28:39 Imperial Age
26:48 Town Watch
27:22 Hand Cart
28:30 Gold Shaft Mining
27:46 Stone Mining
29:12 Bodkin Arrow
29:19 Padded Archer Armor
29:54 Conscription
30:14 Bracer
31:19 Chemistry
30:14 Capped Ram
32:12 Stone Shaft Mining
32:15 Thumb Ring
32:37 Ballistics
32:58 Leather Archer Armor
32:55 Masonry
32:49 Siege Ram
33:12 Elite Mangudai
34:10 Scale Barding Armor
35:38 Parthian Tactics
35:24 Husbandry
35:36 Bloodlines
36:30 Nomads
36:51 Drill
36:52 Light Cavalry
37:38 Caravan
38:34 Siege Engineers
38:42 Fortified Wall
38:37 Hussar
38:39 Heavy Camel Rider
39:29 Murder Holes
44:15 Coinage
45:02 Chain Barding Armor
44:53 Forging
45:21 Hoardings
45:34 Banking
49:42 Iron Casting
61:39 Onager
65:25 Siege Onager
Mustafa90
3:17 Loom
4:01 Loom
11:52 Feudal Age
16:06 Castle Age
14:30 Double-Bit Axe
15:34 Scale Mail Armor
15:43 Gold Mining
17:53 Bow Saw
18:50 Chain Mail Armor
26:43 Fletching
30:08 Wheelbarrow
39:29 Fortified Wall
41:19 Hand Cart
40:52 Town Watch
41:07 Horse Collar
47:38 Imperial Age
46:41 Gold Shaft Mining
45:57 Stone Mining
46:08 Heavy Plow
47:25 Siege Engineers
47:41 Ballistics
47:23 Bodkin Arrow
47:52 Padded Archer Armor
47:39 Elite Skirmisher
48:25 Bracer
48:49 Conscription
49:54 Chemistry
48:35 Treadmill Crane
49:14 Leather Archer Armor
49:44 Guard Tower
50:05 Masonry
49:57 Fortified Bastions
50:46 Stone Shaft Mining
51:07 Ring Archer Armor
50:44 Arrowslits
50:22 Heavy Rocket Cart
53:06 Hoardings
55:33 Forging
55:28 Scale Barding Armor
54:47 Heavy Cavalry Archer
54:59 Pikeman
57:01 Iron Casting
57:35 Capped Ram
59:24 Blast Furnace
58:45 Chain Barding Armor
58:28 Caravan
60:29 Squires
59:55 Halberdier
60:26 Arson
62:54 Gambesons
63:35 Siege Ram
Connection lost

Rejoining the realm…

Still unreachable

The connection could not be restored.

Session expired

The server has moved on; the page needs a fresh start.